 Dungeon Crawl Stone Soup version 0.31.0-32-g396128a36d (webtiles) character file.

Game seed: 15443449902025653211

27486 gohu the Fighter (level 13, 0/100 HPs)
             Began as a Djinni Fire Elementalist on Mar 8, 2024.
             Was an Elder of Makhleb.
             Slain by a death yak (16 damage)
             ... on level 2 of the Lair of Beasts.
             The game lasted 00:47:25 (16357 turns).

gohu the Fighter (Djinni Fire Elementalist)        Turns: 16357, Time: 00:47:25

Health: 0/100      AC: 17    Str:  7    XL:     13   Next: 66%
Gold:   1018       EV: 15    Int: 22    God:    Makhleb [****..] SH:  5 Dex: 20

rFire   + + .        J - -1 demon whip (venom)
rCold   . . .        (no shield)
rNeg    . . .        n - +4 ring mail
rPois   ∞            p - +0 helmet
rElec   .            N - +1 cloak
rCorr   .            K - +1 pair of gloves
SInv    .            (boots unavailable)
Will    +....        j - amulet of reflection
Stlth   ++           D - +6 ring of dexterity
HPRegen 0.36/turn    O - ring of protection from cold
MPRegen 0.00/turn

%: reflection, infuse magic (-1 HP)
@: flying
A: sickness immunity, fire resistance 2, cold vulnerability 1, float, innate
caster, HP casting, extra vitality 1
a: Renounce Religion, Minor Destruction, Lesser Servant of Makhleb, Major
Destruction


You were on level 2 of the Lair of Beasts.
You worshipped Makhleb.
Makhleb was greatly pleased with you.
You visited 3 branches of the dungeon, and saw 14 of its levels.
You also visited: Sewer and Ossuary.

You collected 1188 gold pieces.
You spent 170 gold pieces at shops.

Inventory:

Hand Weapons
 d - a +2 dagger of electrocution
 J - a -1 demon whip of venom (weapon)
Missiles
 h - 11 javelins
 F - 4 throwing nets
Armour
 a - a +0 robe
 n - a +4 ring mail (worn)
 p - a +0 helmet (worn)
 r - a +0 cloak
 K - a +1 pair of gloves (worn)
 N - a +1 cloak (worn)
Jewellery
 j - an amulet of reflection (around neck)
 D - a +6 ring of dexterity (left hand)
 O - a ring of protection from cold (right hand)
 P - a ring of positive energy
Wands
 I - a wand of flame (8)
 M - a wand of mindburst (1)
 Q - a wand of charming (5)
 R - a wand of polymorph (5)
 S - a wand of iceblast (5)
Scrolls
 c - 3 scrolls of immolation
 f - 7 scrolls of teleportation
 i - 2 scrolls of enchant weapon
 k - 2 scrolls of noise
 o - 3 scrolls of poison
 u - 2 scrolls of fog
 x - a scroll of blinking
 y - 2 scrolls of vulnerability
 A - 3 scrolls of fear
 B - a scroll of revelation
 G - 2 scrolls of enchant armour
 H - a scroll of acquirement {unknown}
 L - a scroll of identify
Potions
 b - 2 potions of cancellation
 e - 4 potions of haste
 g - 2 potions of mutation
 l - 5 potions of might
 m - 3 potions of resistance
 q - 8 potions of curing {unknown}
 s - 3 potions of magic
 t - 3 potions of brilliance {unknown}
 v - 2 potions of degeneration {unknown}
 w - 2 potions of invisibility {unknown}
 z - 3 potions of heal wounds {unknown}
 C - 2 potions of lignification {unknown}
 E - a potion of ambrosia {unknown}


   Skills:
 + Level 11.6 Fighting
 - Level 9.3 Armour
 - Level 9.7 Dodging
 - Level 1.5 Stealth
 * Level 11.4 Spellcasting
 * Level 11.4 Conjurations
 * Level 11.4 Hexes
   Level 0.0 Charms
 * Level 11.4 Summonings
 * Level 11.4 Necromancy
 * Level 11.4 Translocations
   Level 0.0 Transmutations
 * Level 11.4 Fire Magic
 * Level 11.4 Ice Magic
 * Level 11.4 Air Magic
 * Level 11.4 Earth Magic
 * Level 11.4 Alchemy
 * Level 3.7 Invocations


You knew the following spells:

 Your Spells              Type           Power      Damage    Failure   Level
a - Fireball              Conj/Fire      29%        3d13      3%          5
b - Scorch                Fire           100%       2d9       1%          2
c - Flame Wave            Conj/Fire      58%        2d14      1%          4
d - Mephitic Cloud        Conj/Alch/Air  58%        N/A       1%          3
e - Volatile Blastmotes   Fire/Tloc      100%       2d18      1%          3
f - Summon Small Mammal   Summ           100%       N/A       1%          1
g - Jinxbite              Hex            100%       N/A       1%          2
h - Inner Flame           Hex/Fire       58%        N/A       1%          3
i - Vampiric Draining     Necr           58%        2d10      1%          3
j - Leda's Liquefaction   Alch/Erth      29%        N/A       1%          4
k - Foxfire               Conj/Fire      100%       2x1d9     1%          1
Your spell library was empty.

Dungeon Overview and Level Annotations

Branches:
Dungeon (10/15)            Temple (1/1) D:7            Lair (3/5) D:8
 Shoals (0/4) Lair:3       Spider (0/4) Lair:2          Orc (0/2) D:9
  Sewer (visited)         Ossuary (visited)

Altars:
Ashenzari
Cheibriados
Dithmenos
Elyvilon
Fedhas
Gozag
Hepliaklqana
Makhleb
Nemelex Xobeh
Okawaru
Qazlal
Ru
Trog
Uskayaw
Wu Jian
Xom
Yredelemnul
Zin
The Shining One

Shops:
D:2 (   D:8 **   D:9 [(?


Innate Abilities, Weirdness & Mutations

You are immune to sickness and miasma.
You are immune to poison.
Your flesh is very heat resistant. (rF++)
You are vulnerable to cold. (rC-)
You float through the air rather than walking.
You learn spells naturally, not from books.
Your magical power is your life essence.
You have superior vitality. (+4 MHP)


Message History

A wave of flame ripples out!
The flame wave engulfs the death yak.
You kill the death yak!
Makhleb accepts your kill. (Press . to intensify the flame waves.)
A wave of flame ripples out!
The flame wave engulfs the death yak!
The death yak is lightly wounded.
A wave of flame ripples out!
The flame wave engulfs the death yak!!
The death yak is moderately wounded.
You finish channelling waves of flame.
The death yak gores you!!
Casting: Flame Wave (mildly dangerous; 1% risk of failure)
Confirm with . or Enter, or press ? or * to list all spells.
Flames lash the death yak.
The death yak is heavily wounded.
The death yak's fire resistance burns away.
The death yak gores you!
* * * LOW HITPOINT WARNING * * *
Your magical contamination has completely faded away.
The death yak barely misses you.
Casting: Scorch (safe; 1% risk of failure)
Confirm with . or Enter, or press ? or * to list all spells.
Casting: Flame Wave (mildly dangerous; 1% risk of failure)
Press: ? - help, Dir - look around, f - activate A wave of flame ripples out!
The flame wave engulfs the death yak!!
The death yak is burned terribly!
The death yak is almost dead. (Press . to intensify the flame waves.)
* * * LOW HITPOINT WARNING * * *
The death yak gores you.
* * * LOW HITPOINT WARNING * * *
A wave of flame ripples out!
The flame wave engulfs the death yak but does no damage.
The death yak is almost dead.
* * * LOW HITPOINT WARNING * * *
The death yak gores you but does no damage.
A wave of flame ripples out!
The flame wave engulfs the death yak!
The death yak is burned terribly!
The death yak is almost dead.
* * * LOW HITPOINT WARNING * * *
You finish channelling waves of flame.
The death yak gores you!
You die...

......................
...<....................
................^.......
........................
........................
...................†....
#..†..................
##...................#
#...Y@.^..............
#$...^...^............
.......^.^^.....#.......
.....^^.^.^...^..#......
......^.^^^.^.^###......
....^.^^.>^.^..##..>....
......^.^.^^....##......
.....^..^.^.^....####...
...^..^..## #...


You could see a death yak (combustible).

Vanquished Creatures
  A hydra (Lair:2)
  Erolcha (D:10)
  A boulder beetle (Lair:3)
  5 death yaks
  2 two-headed ogres (D:10)
  Amaemon (D:9)
  Urug (D:10)
  A skyshark (Lair:3)
  Lodul (D:10)
  An ugly thing (D:8)
  2 black mambas
  Joseph (D:10)
  A torpor snail (Lair:3)
  A water nymph (Lair:3)
  An orange demon (D:9)
  2 cane toads (Lair:2)
  A kobold demonologist (D:9)
  A rime drake (Lair:2)
  2 komodo dragons
  2 polar bears (Lair:3)
  A troll (D:9)
  A merfolk (Lair:3)
  18 blink frogs
  Grinder (D:5)
  A vampire (D:9)
  5 wyverns
  8 yaks
  3 basilisks
  A wraith (D:10)
  Grum (D:10)
  A steam dragon (D:10)
  Menkaure (D:5)
  16 water moccasins
  Duvessa (D:5)
  2 sky beasts (D:7)
  An ice beast (D:7)
  2 black bears
  9 ogres
  4 orc warriors
  9 wolves
  A centaur (D:8)
  2 kobold brigands
  Blork the orc (D:5)
  2 gnoll sergeants
  19 bullfrogs
  11 wights
  Dowan (D:5)
  10 killer bees
  An electric eel (Lair:1)
  3 howler monkeys (D:9)
  2 hounds
  2 jellies
  7 orc priests
  A spectral scorpion (Ossuary)
  A gnoll bouda (D:8)
  A sleepcap (D:6)
  3 iguanas
  9 orc wizards
  A crocodile zombie (Ossuary)
  10 mummies (Ossuary)
  Robin (D:4)
  16 gnolls
  8 adders
  10 river rats
  A shadow imp (D:6)
  3 white imps
  2 ufetubi (D:6)
  4 ribbon worms
  5 dart slugs
  36 orcs
  9 endoplasms
  A giant cockroach (D:4)
  16 goblins
  2 hobgoblins
  7 jackals (D:2)
  4 quokkas
  12 ball pythons
  6 bats
  5 frilled lizards
  5 gnoll skeletons (Ossuary)
  2 goblin zombies (D:6)
  26 kobolds
  3 orc skeletons (Ossuary)
  20 rats
  10 spectral rats (Ossuary)
417 creatures vanquished.

Vanquished Creatures (collateral kills)
  2 foxfires (D:8)
2 creatures vanquished.

Vanquished Creatures (others)
  A gnoll (D:4)
  A kobold (Sewer)
  680 foxfires
682 creatures vanquished.

Grand Total: 1101 creatures vanquished

Notes
Turn   | Place    | Note
-------+----------+-------------------------------------------
     0 | D:1      | gohu the Djinni Fire Elementalist began the quest for the
                  | Orb.
     0 | D:1      | gohu set off with the following spells memorised: Foxfire,
                  | Scorch, Volatile Blastmotes, Inner Flame, Flame Wave.
     0 | D:1      | Reached XP level 1. HP: 15/15 MP: 0/0
   205 | D:1      | Reached XP level 2. HP: 14/22 MP: 0/0
   815 | D:1      | Reached skill level 1 in Fighting
   815 | D:1      | Reached XP level 3. HP: 25/27 MP: 0/0
   815 | D:1      | Learned a level 1 spell: Summon Small Mammal
  1180 | D:2      | Found a faded altar of an unknown god.
  1201 | D:2      | Reached XP level 4. HP: 31/32 MP: 0/0
  1378 | D:2      | Found Ohimiry's Magic Scroll Emporium.
  1477 | D:2      | Found Qitouxur's Weapon Shop.
  2577 | D:4      | Reached XP level 5. HP: 35/38 MP: 0/0
  2577 | D:4      | Learned a level 2 spell: Jinxbite
  2770 | D:4      | Noticed Robin
  2886 | D:4      | Killed Robin
  3094 | D:4      | Reached XP level 6. HP: 16/45 MP: 0/0
  3229 | D:4      | Reached skill level 1 in Armour
  3578 | D:5      | Entered Level 5 of the Dungeon
  3648 | D:5      | Noticed Blork the orc
  3649 | D:5      | Noticed Grinder
  3678 | D:5      | Killed Blork the orc
  3828 | D:5      | Killed Grinder
  3829 | D:5      | Reached XP level 7. HP: 35/50 MP: 0/0
  3829 | D:5      | Learned a level 3 spell: Mephitic Cloud
  3876 | D:5      | Reached skill level 5 in Spellcasting
  3876 | D:5      | Reached skill level 5 in Conjurations
  3876 | D:5      | Reached skill level 5 in Hexes
  3876 | D:5      | Reached skill level 5 in Summonings
  3876 | D:5      | Reached skill level 5 in Necromancy
  3876 | D:5      | Reached skill level 5 in Translocations
  3876 | D:5      | Reached skill level 5 in Fire Magic
  3876 | D:5      | Reached skill level 5 in Ice Magic
  3876 | D:5      | Reached skill level 5 in Air Magic
  3876 | D:5      | Reached skill level 5 in Earth Magic
  3876 | D:5      | Reached skill level 5 in Alchemy
  3960 | D:5      | Found a glowing drain.
  3968 | Sewer    | Entered a sewer
  4058 | Sewer    | Reached XP level 8. HP: 55/57 MP: 0/0
  4686 | D:5      | Noticed Menkaure
  4691 | D:5      | Killed Menkaure
  5047 | D:5      | Found a snail-covered altar of Cheibriados.
  5191 | D:5      | Noticed Duvessa
  5192 | D:5      | Noticed Dowan
  5200 | D:5      | Killed Duvessa
  5207 | D:5      | Killed Dowan
  5770 | D:6      | Reached skill level 5 in Fighting
  5770 | D:6      | Reached XP level 9. HP: 55/65 MP: 0/0
  5770 | D:6      | Learned a level 3 spell: Vampiric Draining
  5794 | D:6      | Found a sand-covered staircase.
  5836 | Ossuary  | Entered an ossuary
  7524 | D:7      | Found an iron altar of Okawaru.
  7783 | D:7      | Found a staircase to the Ecumenical Temple.
  7792 | Temple   | Entered the Ecumenical Temple
  7797 | Temple   | Became a worshipper of Makhleb the Destroyer
  8076 | D:7      | Reached XP level 10. HP: 23/73 MP: 0/0
  8341 | D:7      | Noticed a rust devil
  8342 | D:7      | Noticed a rust devil
  8919 | D:8      | Found a staircase to the Lair.
  8922 | D:8      | Noticed a komodo dragon
  8934 | D:8      | Killed a komodo dragon
  9069 | D:8      | Found Nysyl's General Store.
  9072 | D:8      | Found Cebic Voa's Specific Store.
  9138 | D:8      | Noticed a purple ugly thing
  9156 | D:8      | Killed a purple ugly thing
  9156 | D:8      | Reached * piety under Makhleb
  9839 | D:9      | Noticed a kobold demonologist
  9856 | D:9      | Killed a kobold demonologist
  9953 | D:9      | Found Ogouwn's Magic Scroll Shoppe.
  9962 | D:9      | Bought a scroll of identify for 22 gold pieces
  9962 | D:9      | Bought a scroll of identify for 22 gold pieces
  9962 | D:9      | Bought a scroll of fear for 44 gold pieces
  9962 | D:9      | Bought a scroll of enchant armour for 82 gold pieces
 10155 | D:9      | Reached skill level 5 in Armour
 10251 | D:9      | Reached XP level 11. HP: 77/81 MP: 0/0
 10251 | D:9      | Learned a level 4 spell: Leda's Liquefaction
 10416 | D:9      | Noticed Amaemon
 10455 | D:9      | Reached skill level 5 in Dodging
 10646 | D:9      | Killed Amaemon
 10767 | D:9      | Found Nerr's Weapon Shop.
 10775 | D:9      | Found a staircase to the Orcish Mines.
 10788 | D:9      | Reached ** piety under Makhleb
 10790 | D:9      | Found Qaumnuet's Armour Shop.
 10921 | D:9      | Found an opulent altar of Gozag.
 11106 | D:10     | Entered Level 10 of the Dungeon
 11111 | D:10     | Noticed Grum
 11125 | D:10     | Killed Grum
 11395 | D:10     | Noticed a two-headed ogre
 11404 | D:10     | Killed a two-headed ogre
 11563 | D:10     | Noticed a two-headed ogre
 11583 | D:10     | Killed a two-headed ogre
 11596 | D:10     | Noticed Urug
 11625 | D:10     | Killed Urug
 11738 | D:10     | Noticed Erolcha
 11775 | D:10     | Killed Erolcha
 11975 | D:10     | Noticed Joseph
 12014 | D:10     | Killed Joseph
 12240 | D:10     | Reached skill level 10 in Fighting
 12240 | D:10     | Reached XP level 12. HP: 52/91 MP: 0/0
 12303 | D:10     | Noticed Lodul
 12468 | D:10     | Killed Lodul
 12781 | Lair:1   | Entered Level 1 of the Lair of Beasts
 12893 | Lair:1   | Reached *** piety under Makhleb
 13315 | Lair:1   | Reached skill level 10 in Spellcasting
 13315 | Lair:1   | Reached skill level 10 in Conjurations
 13315 | Lair:1   | Reached skill level 10 in Hexes
 13315 | Lair:1   | Reached skill level 10 in Summonings
 13315 | Lair:1   | Reached skill level 10 in Necromancy
 13315 | Lair:1   | Reached skill level 10 in Translocations
 13315 | Lair:1   | Reached skill level 10 in Fire Magic
 13315 | Lair:1   | Reached skill level 10 in Ice Magic
 13315 | Lair:1   | Reached skill level 10 in Air Magic
 13315 | Lair:1   | Reached skill level 10 in Earth Magic
 13315 | Lair:1   | Reached skill level 10 in Alchemy
 13656 | Lair:2   | Noticed a five-headed hydra
 13666 | Lair:2   | Killed a five-headed hydra
 13870 | Lair:2   | Noticed a death yak
 13873 | Lair:2   | Noticed a death yak
 13876 | Lair:2   | Noticed a death yak
 13879 | Lair:2   | Noticed a death yak
 14041 | Lair:3   | Reached **** piety under Makhleb
 14208 | Lair:3   | Killed a death yak
 14209 | Lair:3   | Reached XP level 13. HP: 36/99 MP: 0/0
 14209 | Lair:3   | Learned a level 5 spell: Fireball
 15606 | Lair:3   | Reached skill level 1 in Invocations
 15751 | Lair:3   | Found a staircase to the Shoals.
 16269 | Lair:2   | Found a hole to the Spider Nest.
 16357 | Lair:2   | Slain by a death yak

Illustrated notes

Levels and vault maps discovered:
D:1:      minmay_arrival_semitransparent, layout_loops_corners,
          minmay_misc_feat_more_columns, minmay_pentomino_s4
D:2:      layout_basic, dreamdust_ecumenical_altar_grove, serial_shops,
          nicolae_shop_pleasant_corner_grove, nicolae_lakefront_shop
D:3:      layout_loops_ring
D:4:      layout_rooms, uniq_robin
D:5:      layout_loops_corners, kennysheep_slug_shrine,
          lightli_sewer_entry_pipes, minmay_stone_trees_large,
          amcnicky_mini_corridor_feature, mrwooster_statue_mirror,
          amcnicky_mini_pool_small, grunt_decor_one_mirror, uniq_grinder,
          uniq_blork_the_orc, uniq_duvessa, uniq_menkaure
D:6:      layout_loops_ring, enter_ossuary_4, minivault_11, serial_bayou_pond_a
D:7:      cheibrodos_iron_armory, layout_loops_ring,
          nicolae_overflow_crystal_walls, minmay_temple_entry_waves,
          kennysheep_potato
D:8:      layout_loops_ring, david_lair_shrubbed, nicolae_specific_store,
          kennysheep_generic_room_15
D:9:      layout_loops_ring, kennysheep_mini, orc_david_3, serial_shops, shop,
          uniq_amaemon
D:10:     layout_roguey, serial_park_tiny_pond, uniq_urug, uniq_lodul,
          uniq_joseph, uniq_erolcha, uniq_grum
Temple:   nicolae_temple_bog_church
Lair:1:   layout_hall_layers, serial_bayou_pond_c, infiniplex_staircase_pool,
          grunt_megastairs_5
Lair:2:   layout_hall_layers, spider_nest_entry_web_field, special_room
Lair:3:   layout_cave_pods, nicolae_shoals_entry_flooding, st_stairs_10,
          grunt_megastairs_2

Skill      XL: |  1  2  3  4  5  6  7  8  9 10 11 12 13 |
---------------+----------------------------------------+-----
Fighting       | 1 2 3 5 6 8 10 11 | 11.6
Dodging        | 3 4 7 9 |  9.7
Spellcasting   | 4 5 6 8 9 10 11 | 11.4
Conjurations   | 4 5 6 8 9 10 11 | 11.4
Hexes          | 4 5 6 8 9 10 11 | 11.4
Summonings     | 4 5 6 8 9 10 11 | 11.4
Necromancy     | 4 5 6 8 9 10 11 | 11.4
Translocations | 4 5 6 8 9 10 11 | 11.4
Fire Magic     | 4 5 6 8 9 10 11 | 11.4
Ice Magic      | 4 5 6 8 9 10 11 | 11.4
Air Magic      | 4 5 6 8 9 10 11 | 11.4
Earth Magic    | 4 5 6 8 9 10 11 | 11.4
Alchemy        | 4 5 6 8 9 10 11 | 11.4
Armour         | 3 4 5 7 8 9 |  9.3
Invocations    | 3 |  3.7
Stealth        | |  1.5

Action                     |  1- 3 |  4- 6 |  7- 9 | 10-12 | 13-15 || total
---------------------------+-------+-------+-------+-------+-------++-------
  Melee: Dagger            |       |       |     1 |     1 |       ||     2
         Demon whip        |       |       |       |     6 |     1 ||     7
         Punch             |       |       |       |     1 |       ||     1
   Cast: Foxfire           |    61 |    79 |   157 |   125 |       ||   422
         Scorch            |     6 |    38 |    96 |    76 |    17 ||   233
         Volatile Blastmot |       |     7 |    12 |    66 |     7 ||    92
         Flame Wave        |       |       |     4 |    49 |     9 ||    62
         Mephitic Cloud    |       |       |       |     7 |       ||     7
         Fireball          |       |       |       |       |    74 ||    74
         Summon Small Mamm |       |       |       |       |     3 ||     3
  Evoke: Wand              |       |       |       |     2 |       ||     2
    Use: Scroll            |       |     5 |     4 |     8 |       ||    17
         Potion            |       |       |       |       |     1 ||     1
 Armour: Robe              |     4 |    28 |    57 |    10 |       ||    99
         Ring mail         |       |     7 |       |   124 |    40 ||   171
         Skin              |       |       |       |     2 |       ||     2
  Dodge: Dodged            |     2 |    35 |    65 |   103 |    26 ||   231
  Block: Other             |       |     9 |    22 |    30 |    12 ||    73
         Reflection        |       |     1 |     2 |     2 |       ||     5
